 Dungeon Crawl Stone Soup version 0.26-a0-639-g72c4674329 (webtiles) character file.

Game seed: 8828933867310894163

820 Borgoz the Ruffian (level 7, -4/63 HPs)
             Began as a Ghoul Monk on Sept 18, 2020.
             Killed from afar by an orc wizard (5 damage)
             ... with a puff of flame
             ... on level 4 of the Dungeon.
             The game lasted 00:06:04 (4342 turns).

Borgoz the Ruffian (Ghoul Monk)                     Turns: 4342, Time: 00:06:05

Health: -4/63      AC:  4    Str: 16    XL:     7   Next: 95%
Magic:  6/6        EV: 14    Int:  5    God:
Gold:   237        SH:  0    Dex: 12    Spells: 6/6 levels left

rFire    + . .     SeeInvis .     - Unarmed
rCold    + + .     Faith    .   (no shield)
rNeg     + + +     Spirit   .   f - +2 robe {rC+ rF+}
rPois    ∞         Reflect  .   (no helmet)
rElec    .         Harm     .   (no cloak)
rCorr    .         Rampage  .   (no gloves)
MR       .....                  (no boots)
Stlth    +.........             (no amulet)
HPRegen  0.00/turn              (no ring)
MPRegen  0.10/turn              (no ring)

@: confused, brilliant
A: rotting body, claws 1, cold resistance 1, negative energy resistance 3,
inhibited regeneration, torment resistance, unbreathing
a: no special abilities


You were on level 4 of the Dungeon.
You visited 1 branch of the dungeon, and saw 5 of its levels.

You collected 237 gold pieces.

Inventory:

Armour
 f - a +2 robe of resistance (worn)
Jewellery
 m - an uncursed ring of see invisible
Wands
 k - a wand of disintegration (8)
Scrolls
 a - a scroll of amnesia {unknown}
 b - 3 scrolls of random uselessness {unknown}
 d - 8 scrolls of identify {unknown}
 e - 2 scrolls of blinking {unknown}
 h - a scroll of enchant weapon {unknown}
 i - 5 scrolls of remove curse {unknown}
 j - a scroll of fear {unknown}
 n - a scroll of noise {unknown}
Potions
 c - a potion of stabbing


   Skills:
 * Level 6.0 Fighting
 - Level 0.1 Armour
 * Level 4.9 Dodging
 + Level 4.4 Stealth
 * Level 6.0 Unarmed Combat


You had 6 spell levels left.
You didn't know any spells.
Your spell library was empty.

Dungeon Overview and Level Annotations

Branches:
Dungeon (5/15)
 Temple: D:4-7

Altars:
Sif Muna
Wu Jian


Innate Abilities, Weirdness & Mutations

Your body is rotting away.
You thrive by killing the living.
You are immune to poison.
You have sharp fingernails.
Your flesh is cold resistant. (rC+)
You are immune to negative energy. (rN+++)
You do not regenerate when monsters are visible.
You are immune to unholy pain and torment.
You can survive without breathing.


Message History

The orc is heavily wounded.
The orc closely misses you. Something hits you but does no damage.
You closely miss the orc.
The orc is heavily wounded.
The orc hits you but does no damage.
You hear some strange, mumbled words.
You are confused.
Something hits you but does no damage.
You completely miss the orc.
The orc is heavily wounded.
The orc hits you with a +0 club.
* * * LOW HITPOINT WARNING * * *
You closely miss the orc.
The orc is heavily wounded.
Something hits you but does no damage.
You're too confused to move!
The orc completely misses you.
You hear some strange, mumbled words.
A puff of flame appears from out of thin air!
The puff of flame hits you. You resist.
You die...

..#.....###.............#<...#
..#...(....................###
..#............#..........##
#........>)..>.#...........#####
#..#......)....................#
##.##.........##...............#
##......##....##...............#
##.....###...).{.......##..##..##
........###..#.o@.....###...#...#
.>......###..##.......###.......#
....<...#.#...##.##..........#..#
..................##.........####
..............##...#...........##
##...........##.................#
####.............#..............#
.# #.##.................#........
.###...........#.............[..#


You could see an orc.

Vanquished Creatures
  Grinder (D:4)
  Sigmund (D:2)
  An ice beast (D:4)
  An ogre (D:4)
  A scorpion (D:4)
  An orc priest (D:4)
  A jelly (D:2)
  Natasha (thrice) (D:2)
  2 hound skeletons (D:4)
  2 adders (D:4)
  An ooze (D:3)
  2 worms (D:3)
  2 leopard geckos
  5 orcs (D:4)
  3 giant cockroaches
  8 goblins
  3 hobgoblins
  6 jackals
  A quokka (D:3)
  3 ball pythons
  2 bats (D:1)
  4 frilled lizards
  6 kobolds
  5 rats
65 creatures vanquished.

Notes
Turn   | Place    | Note
-------+----------+-------------------------------------------
     0 | D:1      | Borgoz the Ghoul Monk began the quest for the Orb.
     0 | D:1      | Reached XP level 1. HP: 19/19 MP: 0/0
   224 | D:1      | Reached XP level 2. HP: 26/26 MP: 1/1
  1000 | D:2      | Noticed Natasha
  1004 | D:2      | Killed Natasha
  1004 | D:2      | Reached XP level 3. HP: 29/33 MP: 2/2
  1105 | D:2      | Noticed Sigmund
  1145 | D:3      | HP: 1/33 [quokka (3)]
  1356 | D:3      | Found a shimmering blue altar of Sif Muna.
  1550 | D:3      | Reached XP level 4. HP: 38/40 MP: 3/3
  2060 | D:2      | HP: 2/40 [something (1)]
  2062 | D:2      | Killed Sigmund
  2062 | D:2      | Reached XP level 5. HP: 5/47 MP: 4/4
  2170 | D:2      | Noticed Natasha
  2351 | D:2      | Killed Natasha
  2351 | D:2      | Reached XP level 6. HP: 53/53 MP: 5/5
  2386 | D:2      | Found an ornate altar of the Wu Jian Council.
  2783 | D:2      | Noticed Natasha
  2799 | D:2      | Killed Natasha
  3287 | D:4      | Reached skill level 5 in Unarmed Combat
  3321 | D:4      | Noticed Grinder
  3338 | D:4      | Paralysed by Grinder for 7 turns
  3354 | D:4      | Killed Grinder
  3354 | D:4      | Reached skill level 5 in Fighting
  3354 | D:4      | Reached XP level 7. HP: 17/61 MP: 6/6
  4222 | D:5      | Entered Level 5 of the Dungeon
  4335 | D:4      | HP: 3/63 [something (3)]
  4339 | D:4      | HP: 1/63 [orc/+0 club (2)]
  4342 | D:4      | Killed from afar by an orc wizard

Illustrated notes

Levels and vault maps discovered:
D:1:      dpeg_arrival_boxes_within_box, layout_basic
D:2:      layout_rooms, overflow_temple_1_default, uniq_sigmund, uniq_natasha
D:3:      layout_loops_corners, lemuel_doored_altar
D:4:      layout_cave_pools, uniq_grinder
D:5:      layout_rooms, tso_metal_star, xom_redecorated

Skill      XL: |  1  2  3  4  5  6  7 |
---------------+----------------------+-----
Dodging        | 3 4 |  4.9
Unarmed Combat | 4 5 6 |  6.0
Fighting       | 4 5 6 |  6.0
Stealth        | 3 4 |  4.4
Armour         | |  0.1

Action                   |  1- 3 |  4- 6 |  7- 9 || total
-------------------------+-------+-------+-------++-------
Melee: Unarmed           |   100 |   106 |   102 ||   308
       Punch             |     2 |     2 |     3 ||     7
  Use: Potion            |     5 |     2 |     1 ||     8
 Stab: Sleeping          |     4 |     1 |       ||     5
       Distracted        |       |       |     1 ||     1
Armor: Robe              |    19 |     8 |    29 ||    56
       Ring mail         |       |     1 |       ||     1
Dodge: Dodged            |    64 |    44 |    99 ||   207

Table legend: (Time is in decaauts)
 A = Elapsed time spent in this place.
 B = Non-inter-level travel time spent in this place.
 C = Inter-level travel time spent in this place.
 D = Time resting spent in this place.
 E = Time spent auto-exploring this place.
 F = Levels seen in this place.
 G = Mean time per level.
                   A        B        C        D        E       F      G
               +--------+--------+--------+--------+--------+-----+--------+
         Total |   4336 |   4096 |    240 |   1138 |   2288 |   5 |  867.2 |
       Dungeon |   4336 |   4096 |    240 |   1138 |   2288 |   5 |  867.2 |
               +--------+--------+--------+--------+--------+-----+--------+

Top non-repeatable levels by time:
     D:1: 1157 daAuts
     D:3: 1121 daAuts
     D:4: 1076 daAuts
     D:2: 976 daAuts
     D:5: 4 daAuts
